 Dungeon Crawl Stone Soup version 0.16-a0-1301-gf74d490 (webtiles) character file.

88 Molien the Magician (level 4, 0/32 HPs)
             Began as a Mummy Wizard on Oct 15, 2014.
             Slain by a quokka (1 damage)
             ... on level 3 of the Dungeon.
             The game lasted 00:17:18 (1160 turns).

Molien the Magician (Mummy Wizard)                  Turns: 1160, Time: 00:17:26

Health: 0/32       AC:  2    Str: 10    XL:     4   Next: 29%
Magic:  10/10      EV: 12    Int: 18    God:
Gold:   54         SH:  0    Dex: 10    Spells: 3 memorised, 4 levels left

rFire  x . .     SeeInvis .     h - +0 short sword (drain)
rCold  + . .     Clarity  .     k - +0 robe
rNeg   + + +     SustAb   .     (no shield)
rPois  +         Gourm    .     b - +0 hat
rElec  .         Spirit   .     (no cloak)
rCorr  .         Warding  .     (no gloves)
rMut   .         Stasis   .     (no boots)
MR     .....                    (no amulet)
Stlth  ++........               (no ring)
                                (no ring)

@: not resistant to hostile enchantments, unstealthy
A: no food or potions, fire vulnerability, restore body, cold resistance 1,
negative energy resistance 3, poison resistance, torment resistance, unbreathing
a: no special abilities


You were on level 3 of the Dungeon.
You were not hungry.

You visited 1 branch of the dungeon, and saw 4 of its levels.

You collected 54 gold pieces.

Inventory:

Hand weapons
 h - a +0 short sword of draining (weapon)
 l - a +0 dagger
Missiles
 d - 22 arrows
Armour
 b - a +0 hat (worn)
 k - a +0 robe (worn)
Scrolls
 a - 2 scrolls of enchant weapon {unknown}
 e - a scroll of magic mapping {unknown}
 m - a scroll of immolation {unknown}
 o - a scroll of identify {unknown}
Potions
 g - a potion of agility {unknown}
 p - a potion of resistance {unknown}
Books
 c - a book of Minor Magic

   Spells                             Type                      Level
   *Magic Dart                        Conjuration                  1
   *Blink                             Translocation                2
   Call Imp                           Summoning                    2
   Repel Missiles                     Charms/Air                   2
   Slow                               Hexes                        2
   *Conjure Flame                     Conjuration/Fire             3
   Mephitic Cloud                     Conjuration/Poison/Air       3
Comestibles
 f - a slice of pizza
 j - a meat ration
 n - a beef jerky


   Skills:
 + Level 1.0 Fighting
 + Level 0.1 Short Blades
 + Level 2.1 Dodging
 + Level 1.9 Stealth
 + Level 3.9 Spellcasting
 + Level 1.2 Conjurations
   Level 0.7 Summonings
 + Level 0.7 Translocations


You had 4 spell levels left.
You knew the following spells:

 Your Spells              Type           Power        Failure   Level  Hunger
a - Magic Dart            Conj           #...         12%         1    N/A
b - Conjure Flame         Conj/Fire      #.......     34%         3    N/A
c - Blink                 Tloc           N/A          17%         2    N/A

Dungeon Overview and Level Annotations

Branches:
Dungeon (4/15)
 Temple: D:4-7

Altars:


Innate Abilities, Weirdness & Mutations

You do not eat or drink.
Your flesh is vulnerable to fire.
Your flesh is cold resistant.
You are immune to negative energy.
Your system is resistant to poisons.
You are immune to unholy pain and torment.
You can survive without breathing.


Message History

* * * LOW HITPOINT WARNING * * *
You climb downwards.
A quokka comes into view.
Found 20 stones and a scroll labeled PREDOO NEBIX.
Found a stone staircase leading down.
There is a stone staircase leading up here.
There is a stone staircase leading down here.
The hobgoblin hits you but does no damage.
You climb downwards. 2 goblins and 2 orc wizards come into view.
The orc wizard shouts! x2
Found a leather armour and a blue potion.
There is a stone staircase leading up here.
The goblin shouts!
The hobgoblin hits you but does no damage.
The goblin barely misses you.
The orc wizard mumbles some strange words.
The orc wizard seems to speed up.
You climb upwards.
The quokka bites you.
You die...

### .####
....#......
......#....
...........
...........
...........
...?.....r#
........g@#
..........##
#......<(#
#..........#
..........#
..........#
..........#
.........#
.......##


You could see a quokka and a hobgoblin.

Vanquished Creatures
  3 adders (D:2)
  4 gnolls (D:2)
  4 bats
  2 giant cockroaches (D:1)
  4 goblins
  A hobgoblin (D:1)
  2 jackals (D:1)
  A giant newt (D:1)
  3 kobolds (D:1)
  3 rats
27 creatures vanquished.

Notes
Turn   | Place    | Note
--------------------------------------------------------------
     0 | D:1      | Molien, the Mummy Wizard, began the quest for the Orb.
     0 | D:1      | Reached XP level 1. HP: 13/13 MP: 4/4
   450 | D:1      | Reached XP level 2. HP: 17/20 MP: 0/6
   794 | D:2      | Reached skill level 1 in Conjurations
   803 | D:2      | Reached XP level 3. HP: 16/25 MP: 1/8
   945 | D:2      | Reached XP level 4. HP: 21/31 MP: 8/10
   956 | D:2      | Reached skill level 1 in Fighting
   962 | D:2      | Learned a level 3 spell: Conjure Flame
   965 | D:2      | Learned a level 2 spell: Blink
  1153 | D:2      | HP: 1/32 [hobgoblin (2)]
  1160 | D:3      | Slain by a quokka

Action                   |  1- 3 |  4- 6 || total
-------------------------+-------+-------++-------
Melee: Unarmed           |    12 |       ||    12
       Short sword       |    56 |    11 ||    67
 Cast: Magic Dart        |    26 |    16 ||    42
 Stab: Sleeping          |     1 |       ||     1
